 Dungeon Crawl Stone Soup version 0.27.1-33-g824d729ab1 (webtiles) character file.

Game seed: 975052791077735354

98260 H0rd4k the Nimble (level 16, -1/120 HPs)
             Began as a Human Artificer on Dec 3, 2021.
             Was an Initiate of Gozag.
             Succumbed to poison (poison gas)
             ... on level 1 of the Swamp on Dec 7, 2021.
             The game lasted 01:35:08 (28406 turns).

H0rd4k the Nimble (Human Artificer)                Turns: 28406, Time: 01:35:09

Health: -1/120     AC: 22    Str: 21    XL:     16   Next: 72%
Magic:  22/39      EV: 20    Int: 23    God:    Gozag
Gold:   938        SH:  0    Dex: 17    Spells: 9/36 levels left

rFire    . . .     SeeInvis .   I - +9 rapier (protect)
rCold    . . .     Faith    .   (no shield)
rNeg     . . .     Spirit   +   g - +1 robe of Bedazzling Salvation {Str+3}
rPois    .         Reflect  .   (no helmet)
rElec    +         Harm     .   Q - +2 cloak of Diteppe {MP+9}
rCorr    .         Rampage  .   p - +1 pair of gloves {Stlth+}
Will     +....                  o - +2 pair of boots "Xideysy" {Int+6}
Stlth    +++.......             B - amulet of guardian spirit
HPRegen  0.30/turn              P - ring "Mirear" {Fly rElec Str+4 Dex+3}
MPRegen  0.26/turn              c - +4 ring of protection

@: lethally poisoned (-1 -> -64), gold aura, under a protective aura, flying,
slowed, very slow
A: no striking features
a: Renounce Religion, Potion Petition, Call Merchant, Bribe Branch


You were on level 1 of the Swamp.
You worshipped Gozag.
Gozag was pleased with you.
You visited 5 branches of the dungeon, and saw 24 of its levels.
You also visited: Bailey, Ice Cave and Volcano.

You collected 7372 gold pieces.
You spent 3975 gold pieces at shops.
You paid 2459 gold pieces to Gozag.

Inventory:

Hand Weapons
 b - the +5 long sword "Sarcophage" {venom, Str+5}
   (You bought it in a shop on level 10 of the Dungeon)

   It poisons the flesh of those it strikes.
   Str:       It affects your strength (+5).
 h - a +6 short sword of electrocution
 q - the +7 Spriggan's Knife {stab, EV+4 Stlth+}
   (You bought it in a shop on level 10 of the Dungeon)

   It is more effective when stabbing unaware enemies, treating them as though
   they were completely helpless.
   EV:        It affects your evasion (+4).
   Stlth:     It makes you more stealthy.
 I - a +9 rapier of protection (weapon)
Missiles
 l - 54 poisoned darts (quivered)
 w - 16 sling bullets
Armour
 g - the +1 robe of Bedazzling Salvation (worn) {Str+3}
   (You bought it in a shop on level 10 of the Dungeon)

   Str:       It affects your strength (+3).
 o - the +2 pair of boots "Xideysy" (worn) {Int+6}
   (You acquired it on level 9 of the Dungeon)

   Int:       It affects your intelligence (+6).
 p - a +1 pair of gloves of stealth (worn)
 Q - the +2 cloak of Diteppe (worn) {MP+9}
   (You bought it in a shop on level 10 of the Dungeon)

   MP:        It affects your magic capacity (+9).
Jewellery
 c - a +4 ring of protection (right hand)
 B - an amulet of guardian spirit (around neck)
 J - a ring of poison resistance
 P - the ring "Mirear" (left hand) {Fly rElec Str+4 Dex+3}
   (You bought it in a shop on level 2 of the Orcish Mines)

   [ring of flight]

   Str:       It affects your strength (+4).
   Dex:       It affects your dexterity (+3).
   rElec:     It insulates you from electricity.
   Fly:       It grants you flight.
 Z - a ring of see invisible
Wands
 k - a wand of iceblast (6)
 u - a wand of flame (14)
 v - a wand of acid (7)
 x - a wand of charming (12)
 K - a wand of paralysis (5)
Scrolls
 f - 7 scrolls of teleportation
 n - a scroll of amnesia
 s - a scroll of identify
 L - 3 scrolls of enchant armour
 W - a scroll of fear
Potions
 a - 3 potions of invisibility
 i - 4 potions of haste
 j - 3 potions of magic
 m - 7 potions of might
 t - 6 potions of curing
 C - 6 potions of brilliance
 F - 2 potions of resistance
 R - a potion of ambrosia
 U - 2 potions of cancellation
Miscellaneous
 d - a phantom mirror
 e - a piece from Xom's chessboard (15/15)
 r - a tin of tremorstones (2/2)


   Skills:
 + Level 9.3 Fighting
 + Level 13.1(13.2) Short Blades
 + Level 2.2(9.0) Long Blades
 + Level 0.3 Throwing
 - Level 2.0 Armour
 + Level 13.9 Dodging
 - Level 1.0 Stealth
 * Level 10.7 Spellcasting
 * Level 10.1 Hexes
 + Level 7.1 Necromancy
 + Level 3.2 Translocations
 + Level 9.0 Evocations


You had 9 spell levels left.
You knew the following spells:

 Your Spells              Type           Power      Damage    Failure   Level
a - Slow                  Hex            56%        N/A       1%          2
b - Cause Fear            Hex            28%        N/A       1%          4
c - Excruciating Wounds   Necr           22%        N/A       8%          5
d - Agony                 Necr           45%        N/A       8%          5
e - Blink                 Tloc           N/A        N/A       2%          2
f - Tukima's Dance        Hex            56%        N/A       1%          3
g - Invisibility          Hex            28%        N/A       13%         6

Your spell library contained the following spells:

 Spells                   Type           Power      Damage    Failure   Level
 Animate Skeleton         Necr           90%        N/A       1%          1
 Apportation              Tloc           54%        N/A       1%          1
 Corona                   Hex            62%        N/A       1%          1
 Pain                     Necr           100%       1d9       1%          1
 Corpse Rot               Necr/Air       N/A        N/A       1%          2
 Ensorcelled Hibernation  Hex/Ice        70%        N/A       1%          2
 Confusing Touch          Hex            56%        N/A       1%          3
 Inner Flame              Hex/Fire       35%        N/A       1%          3
 Vampiric Draining        Necr           22%        2d9       1%          3
 Lesser Beckoning         Tloc           13%        N/A       4%          3
 Freeze                   Ice            48%        1d7       5%          1
 Sting                    Tmut/Pois      48%        1d5       5%          1
 Summon Small Mammal      Summ           48%        N/A       5%          1
 Fulminant Prism          Conj/Hex       17%        3d11      7%          4
 Leda's Liquefaction      Hex/Erth       17%        N/A       7%          4
 Poisonous Vapours        Pois/Air       24%        N/A       8%          2
 Frozen Ramparts          Ice            24%        1d4       16%         3
 Iskenderun's Mystic Bla  Conj/Tloc      19%        2d6       26%         4
 Manifold Assault         Tloc           27%        N/A       36%         5
 Hailstorm                Conj/Ice       12%        3d5       45%         4
 Ice Form                 Ice/Tmut       12%        N/A       45%         4
 Olgreb's Toxic Radiance  Pois           12%        N/A       45%         4
 Summon Forest            Summ/Tloc      9%         N/A       58%         5
 Alistair's Intoxication  Tmut/Pois      8%         N/A       82%         5
 Bolt of Magma            Conj/Fire/Erth 6%         4d6       82%         5
 Freezing Cloud           Conj/Ice/Air   6%         6-21      82%         5
 Lee's Rapid Deconstruct  Erth           6%         3d7*      82%         5
 Simulacrum               Ice/Necr       14%        N/A       88%         6
 Discord                  Hex            28%        N/A       99%         8
 Eringya's Noxious Bog    Tmut/Pois      6%         N/A       100%        6
 Statue Form              Tmut/Erth      8%         N/A       100%        6
 Summon Hydra             Summ           6%         N/A       100%        7


Dungeon Overview and Level Annotations

Branches:
Dungeon (14/15)            Temple (1/1) D:7            Lair (6/6) D:10
  Swamp (1/4) Lair:3        Snake (0/4) Lair:4        Slime (0/5) Lair:6
    Orc (2/2) D:11            Elf (0/3) Orc:2        Bailey (visited)
  IceCv (visited)         Volcano (visited)
 Vaults: D:13-14

Altars:
Elyvilon
Gozag
Nemelex Xobeh
Okawaru
Qazlal
Vehumet
Wu Jian
Yredelemnul
Zin
Jiyva

Shops:
D:7 ([   D:10 [[(   Orc:1 =   Orc:2 :*(=

Annotations:
D:6 exclusion: zombie
D:8 2 transporters, exclusion: downstairs, Johnson's ghost, novice GrEE
D:9 exclusion: downstairs
D:10 exclusion: downstairs
D:11 2 transporters, Laukis's ghost, journeyman GrBe
D:13 Snorg
Lair:3 exclusion: downstairs
Lair:4 exclusion: 2 downstairs
Swamp:1 Louise


Message History

Your weapon exudes an aura of protection.
The swamp dragon is moderately wounded.
You feel sick.
You hit the swamp dragon.
The swamp dragon is moderately wounded.
The bog body casts a spell at you. The bolt of cold hits you!!!
You puncture the swamp dragon!
The swamp dragon is heavily wounded.
You feel sick.
The swamp dragon breathes poison at you.
The blast of poison engulfs you but does no damage.
You are more poisoned.
You barely miss the swamp dragon.
The swamp dragon is heavily wounded.
You are engulfed in poison gas.
You are more poisoned.
You feel very sick.
You impale the swamp dragon!!
The swamp dragon is almost dead.
You are engulfed in poison gas.
You are more poisoned.
You feel extremely sick.
You puncture the swamp dragon!
The swamp dragon is almost dead.
You are engulfed in poison gas.
You are more poisoned.
You feel very sick.
The swamp dragon misses you. x2; The swamp dragon closely misses you.
You puncture the swamp dragon!
You kill the swamp dragon!
You are engulfed in poison gas.
You are lethally poisoned!
You feel extremely sick.
You are engulfed in poison gas.
You are more poisoned.
* * * LOW HITPOINT WARNING * * *
x2 You feel extremely sick.
The bog body casts a spell at you.
You feel yourself slow down.
You see here 19 gold pieces.
You die...
Your body crumbles into a pile of gold.

♣♣♣♣♣♣♣ ♣♣≈....♣♣♣♣♣♣♣♣♣♣♣♣ ♣♣♣
≈..≈≈.≈≈≈..≈..≈...♣♣ ♣≈≈
♣≈.♣.≈≈≈§≈...≈°○.....?♣♣ ♣♣≈ .>.
♣≈≈....°.°....≈≈.♣ ♣. ♣≈♣♣
♣♣♣....°°°≈≈≈≈≈≈≈.♣♣ ♣≈
♣≈≈♣♣♣♣♣♣..≈≈≈≈≈@≈≈≈≈≈≈.≈♣ ♣.
...≈.≈♣≈...≈≈≈≈n≈≈≈≈≈≈≈.≈ ♣♣
≈≈≈≈≈...≈...≈≈≈≈≈≈≈.≈≈≈.♣♣♣♣ ♣
≈≈≈≈≈....≈≈..≈≈≈≈≈≈§..[....♣♣♣ ♣
≈≈≈§≈≈≈.≈≈≈......≈§§≈§.♣.≈≈.≈♣
≈§≈≈≈≈≈≈.♣♣.≈≈...≈≈≈≈≈....≈..♣♣♣♣
.≈≈≈≈≈≈≈≈≈♣♣♣≈....>..≈≈.....≈♣♣..
≈≈≈.≈≈≈≈≈.♣♣♣≈≈≈≈....≈≈≈≈.....♣..
.§≈≈≈≈≈.§♣♣♣.≈≈≈≈.≈.≈≈≈≈≈.......≈


You could see a bog body.

Vanquished Creatures
  Frances (Lair:3)
  An azure jelly (IceCv)
  A bunyip (Swamp:1)
  An eleionoma (Swamp:1)
  Fannar (D:12)
  An ice dragon (Orc:1)
  3 boulder beetles
  Harold (D:7)
  9 hydras
  3 catoblepae (Lair:6)
  2 alligators (Swamp:1)
  A two-headed ogre (D:10)
  3 orc high priests (Orc:2)
  28 death yaks
  A hell knight (Volcano)
  A salamander mystic (Volcano)
  A goliath frog (Swamp:1)
  A spriggan druid (Swamp:1)
  2 swamp dragons (Swamp:1)
  7 bog bodies
  5 orc knights
  Pikel (D:7)
  A deep elf pyromancer (D:12)
  4 orc sorcerers
  3 cyclopes
  4 elephants (Lair:4)
  5 black mambas
  2 manticores (Lair:6)
  A will-o-the-wisp (Swamp:1)
  5 salamanders (Volcano)
  2 trolls
  An ice statue (IceCv)
  3 torpor snails
  9 cane toads
  2 gargoyles
  9 rime drakes
  3 entropy weaver simulacra (IceCv)
  6 komodo dragons
  2 hornets
  5 polar bears
  30 slime creatures (IceCv)
  5 tyrant leeches (Swamp:1)
  8 dream sheep (Lair:4)
  Prince Ribbit (D:7)
  17 blink frogs
  A vampire (D:11)
  A shadow (D:11)
  A spriggan (Swamp:1)
  8 wyverns
  Grum (D:8)
  4 basilisks
  28 yaks
  A wraith (D:9)
  5 fire bats (Volcano)
  2 steam dragons
  7 vampire mosquitoes
  Menkaure (D:7)
  7 wargs
  2 nagas (Lair:4)
  3 swamp worms
  3 acid dragons
  13 water moccasins
  22 orc warriors
  A black bear (D:8)
  2 ice beasts
  A necrophage (D:3)
  14 wolves
  3 ugly thing simulacra (IceCv)
  5 centaurs
  8 ogres
  A phantom (D:5)
  A lemure (D:7)
  2 kobold brigands
  13 bullfrogs
  A scorpion (D:5)
  A glowing shapeshifter simulacrum (IceCv)
  7 electric eels
  3 howler monkeys
  6 lava snakes (Volcano)
  4 centaur zombies
  A jelly (D:7)
  4 hounds (D:10)
  A centaur skeleton (D:5)
  15 orc priests
  3 iguanas
  32 orc wizards
  A hound zombie (D:5)
  A hound skeleton (D:4)
  4 howler monkey zombies
  12 gnolls (Bailey)
  6 adders
  A shadow imp (D:7)
  A white imp (D:7)
  An ufetubus (D:5)
  3 worms
  3 dart slugs
  77 orcs
  8 endoplasms
  4 giant cockroaches
  13 goblins
  15 hobgoblins
  2 jackals (D:2)
  3 quokkas
  4 ball pythons
  7 bats
  A frilled lizard (D:3)
  18 kobolds
  3 rats
630 creatures vanquished.

Vanquished Creatures (collateral kills)
  Joseph (D:10)
  A rime drake (Lair:6)
  A yak (D:9)
  An orc warrior (Orc:1)
  A gnoll (Bailey)
5 creatures vanquished.

Vanquished Creatures (others)
  A cane toad (Lair:6)
  A komodo dragon (Lair:6)
  2 entropy weaver simulacra (IceCv)
  A bloated husk (Swamp:1)
  A centaur (D:9)
  A fire bat (Volcano)
  An ugly thing simulacrum (IceCv)
  2 glowing shapeshifter simulacra (IceCv)
  2 orcs
  A goblin (D:12)
  A frilled lizard (D:2)
  9 foxfires (Swamp:1)
  57 fungi
  69 plants
149 creatures vanquished.

Grand Total: 784 creatures vanquished

Notes
Turn   | Place    | Note
-------+----------+-------------------------------------------
     0 | D:1      | H0rd4k the Human Artificer began the quest for the Orb.
     0 | D:1      | Reached XP level 1. HP: 15/15 MP: 1/1
   419 | D:1      | Reached XP level 2. HP: 17/21 MP: 2/2
   496 | D:1      | Found a faded altar of an unknown god.
   717 | D:1      | Reached XP level 3. HP: 11/26 MP: 3/3
  2038 | D:2      | HP: 1/26 [frozen (4)]
  2569 | D:2      | Reached XP level 4. HP: 28/32 MP: 4/4
  2891 | D:3      | Reached skill level 1 in Short Blades
  4211 | D:4      | Noticed a necrophage
  4233 | D:3      | Killed a necrophage
  4234 | D:3      | Reached XP level 5. HP: 5/39 MP: 5/5
  4790 | D:4      | Reached skill level 1 in Long Blades
  4790 | D:4      | Reached XP level 6. HP: 46/46 MP: 6/6
  4960 | D:4      | Noticed an ice beast
  5748 | D:4      | Killed an ice beast
  5816 | D:4      | Found a glowing silver altar of Zin.
  5913 | D:5      | Entered Level 5 of the Dungeon
  5920 | D:5      | Reached XP level 7. HP: 40/51 MP: 7/7
  6499 | D:5      | Reached XP level 8. HP: 17/59 MP: 8/8
  6925 | D:7      | Noticed Prince Ribbit
  6939 | D:7      | Killed Prince Ribbit
  6940 | D:7      | Reached skill level 5 in Short Blades
  6989 | D:7      | Noticed Pikel
  6992 | D:7      | Killed Pikel
  6993 | D:7      | Reached XP level 9. HP: 66/66 MP: 9/9
  7004 | D:7      | Noticed Harold
  7027 | D:7      | Killed Harold
  7028 | D:7      | Reached skill level 5 in Fighting
  7080 | D:7      | Found a staircase to the Ecumenical Temple.
  7080 | D:7      | Noticed Menkaure
  7092 | D:7      | Killed Menkaure
  7093 | D:7      | Reached skill level 5 in Dodging
  7238 | D:7      | Found a flagged portal.
  7243 | Bailey   | Entered a bailey
  7476 | Bailey   | Reached skill level 5 in Evocations
  7537 | Bailey   | Reached XP level 10. HP: 52/76 MP: 10/10
  7793 | D:7      | Found Pealebb's Armour Emporium.
  7856 | D:7      | Found Buc Jopa's Antique Weapon Emporium.
  7916 | Temple   | Entered the Ecumenical Temple
  7921 | Temple   | Became a worshipper of Gozag Ym Sagoz the Greedy
  8191 | D:8      | Found a transporter.
  8213 | D:8      | Noticed Johnson's ghost (novice GrEE)
  8216 | D:8      | Noticed a moth of wrath
  8431 | D:8      | Noticed Grum
  8436 | D:8      | Reached skill level 10 in Short Blades
  8458 | D:8      | Killed Grum
  8577 | D:8      | Found a transporter.
  9405 | D:9      | Reached XP level 11. HP: 84/84 MP: 11/11
  9737 | D:10     | Entered Level 10 of the Dungeon
  9810 | D:10     | Noticed Joseph
  9921 | D:10     | Reached skill level 1 in Spellcasting
  9996 | D:10     | Killed Joseph
 10109 | D:9      | Acquired the +2 pair of boots "Xideysy" {Int+6}
 10218 | D:10     | Identified the +8 mace "Rezxeiqoa" {vorpal, Dex+5}
 10475 | D:10     | Found a staircase to the Lair.
 10873 | D:10     | Learned a level 2 spell: Slow
 10878 | D:10     | Learned a level 4 spell: Cause Fear
 10927 | D:11     | Noticed a two-headed ogre
 10957 | D:10     | Killed a two-headed ogre
 10958 | D:10     | Reached skill level 1 in Hexes
 11341 | D:11     | Found a staircase to the Orcish Mines.
 11610 | D:11     | Found a stormy altar of Qazlal.
 11622 | D:11     | Found a transporter.
 11624 | D:11     | Noticed Laukis's ghost (journeyman GrBe)
 11627 | D:11     | Found a transporter.
 12011 | D:10     | Acquired 645 gold pieces
 12061 | D:10     | Bought a pitted cloak for 237 gold pieces
 12061 | D:10     | Identified the +2 cloak of Diteppe {MP+9} (You bought it in
                  | a shop on level 10 of the Dungeon)
 12061 | D:10     | Bought an embroidered scarf for 200 gold pieces
 12221 | D:12     | Noticed a cyclops
 12236 | D:12     | Killed a cyclops
 12259 | D:12     | Noticed a deep elf pyromancer
 12259 | D:12     | Noticed a cyclops
 12351 | Lair:1   | Entered Level 1 of the Lair of Beasts
 12878 | Lair:1   | Noticed a four-headed hydra
 12885 | Lair:1   | Killed a four-headed hydra
 12886 | Lair:1   | Reached XP level 12. HP: 75/91 MP: 17/19
 13451 | Lair:2   | Reached skill level 5 in Spellcasting
 13529 | Lair:2   | Reached skill level 10 in Dodging
 14292 | Lair:3   | Noticed a boulder beetle
 14317 | Lair:3   | Killed a boulder beetle
 14395 | Lair:3   | You fall into a shaft and drop 3 floors!
 14395 | Lair:6   | Entered Level 6 of the Lair of Beasts
 14746 | Lair:3   | Noticed a four-headed hydra
 14758 | Lair:3   | Killed a four-headed hydra
 14759 | Lair:3   | Reached skill level 5 in Hexes
 14978 | Lair:3   | Found a staircase to the Swamp.
 14985 | Lair:3   | Reached XP level 13. HP: 86/96 MP: 22/22
 15294 | Lair:4   | Noticed a seven-headed hydra
 15321 | Lair:3   | Killed a seven-headed hydra
 15385 | Lair:4   | Noticed a boulder beetle
 15540 | Lair:4   | Found a staircase to the Snake Pit.
 15584 | Lair:4   | Noticed an eight-headed hydra
 15586 | Lair:4   | Killed a boulder beetle
 15597 | Lair:4   | Killed an eight-headed hydra
 15678 | Lair:4   | Noticed a boulder beetle
 15686 | Lair:4   | Killed a boulder beetle
 15696 | Lair:4   | Identified the +9 hand axe of Death {pain, Fly rElec rN+}
 15888 | Lair:4   | Reached skill level 1 in Necromancy
 16145 | Lair:4   | Noticed a four-headed hydra
 16153 | Lair:4   | Killed a four-headed hydra
 16589 | Lair:5   | Noticed a seven-headed hydra
 16591 | Lair:5   | Noticed a four-headed hydra
 16679 | Lair:4   | Reached XP level 14. HP: 44/103 MP: 26/26
 16687 | Lair:4   | Learned a level 5 spell: Excruciating Wounds
 18951 | Lair:6   | Found a staircase to the Slime Pits.
 18951 | Lair:6   | Found a viscous altar of Jiyva.
 19329 | Lair:6   | Reached XP level 15. HP: 110/110 MP: 28/28
 19393 | Lair:6   | Reached skill level 5 in Necromancy
 20637 | Lair:6   | Learned a level 5 spell: Agony
 20876 | Orc:1    | Entered Level 1 of the Orcish Mines
 20956 | Orc:1    | HP: 2/111 [orc priest/divine providence (16)]
 20987 | D:11     | You fall into a shaft and drop 3 floors!
 21097 | D:13     | Noticed Snorg
 21159 | D:12     | Noticed Fannar
 21181 | D:12     | Killed Fannar
 21226 | D:12     | Found an iron altar of Okawaru.
 21433 | Orc:1    | Found Luqui's Jewellery Shoppe.
 21476 | Orc:1    | Found a frozen archway.
 21539 | IceCv    | Entered an ice cave
 21666 | IceCv    | Learned a level 2 spell: Blink
 22302 | IceCv    | Reached skill level 1 in Translocations
 23031 | IceCv    | Found a viscous altar of Jiyva.
 23031 | IceCv    | Noticed an azure jelly
 23039 | IceCv    | Killed an azure jelly
 23196 | IceCv    | Got the ring "Faplih" {rElec rF- rC+ Will+}
 23538 | Orc:1    | Bought a ring of see invisible for 210 gold pieces
 23746 | Orc:1    | Found a radiant altar of Vehumet.
 23801 | Orc:2    | Entered Level 2 of the Orcish Mines
 23937 | Orc:2    | Reached XP level 16. HP: 118/118 MP: 29/29
 24115 | Orc:2    | Reached skill level 10 in Spellcasting
 24179 | Orc:2    | Found a staircase to the Elven Halls.
 24264 | Orc:2    | Found a dark tunnel.
 24273 | Volcano  | Entered a volcano
 24704 | Volcano  | Found a burning altar of Makhleb.
 24728 | Volcano  | Found a burning altar of Makhleb.
 25588 | Orc:2    | Found Eprenehe's General Store.
 25588 | Orc:2    | Found Zerghauf's Book Shop.
 25590 | Orc:2    | Found Tiluf's Jewellery Shoppe.
 25590 | Orc:2    | Found Ucwinagee's Weapon Shop.
 25598 | Orc:2    | Bought the ring "Mirear" {Fly rElec Str+4 Dex+3} for 508
                  | gold pieces
 25601 | Orc:2    | Bought a book of Maledictions for 252 gold pieces
 25605 | Orc:2    | Learned a level 3 spell: Tukima's Dance
 25937 | D:10     | Bought a sheer robe for 159 gold pieces
 25937 | D:10     | Identified the +1 robe of Bedazzling Salvation {Str+3} (You
                  | bought it in a shop on level 10 of the Dungeon)
 25979 | D:10     | Bought an ancient chain mail for 266 gold pieces
 25979 | D:10     | Identified the +1 chain mail "Danonole" {Harm} (You bought
                  | it in a shop on level 10 of the Dungeon)
 25979 | D:10     | Bought a pair of glowing gloves for 210 gold pieces
 26009 | D:10     | Bought a masterwork long sword for 178 gold pieces
 26009 | D:10     | Identified the +5 long sword "Sarcophage" {venom, Str+5}
                  | (You bought it in a shop on level 10 of the Dungeon)
 26009 | D:10     | Bought the +7 Spriggan's Knife {stab, EV+4 Stlth+} for 1335
                  | gold pieces
 26009 | D:10     | Found the +7 Spriggan's Knife {stab, EV+4 Stlth+}
 26155 | Orc:2    | Bought a book of Party Tricks for 420 gold pieces
 26162 | Orc:2    | Learned a level 6 spell: Invisibility
 26414 | Swamp:1  | Entered Level 1 of the Swamp
 26414 | Swamp:1  | Noticed Frances
 26433 | Lair:3   | Killed Frances
 27510 | Swamp:1  | Reached skill level 10 in Hexes
 27574 | Swamp:1  | HP: 2/120 [poisoned by a swamp dragon (blast of poison)]
 27993 | Swamp:1  | Noticed Louise
 28406 | Swamp:1  | Succumbed to poison (poison gas)

Illustrated notes

Levels and vault maps discovered:
D:1:      dpeg_arrival_pond, layout_rooms, ebering_ecumenical_altar_rust
D:2:      layout_basic
D:3:      layout_rooms, moated_statue, wander_ebering_terrifying_dragon_lair
D:4:      layout_cave_pools, general_overflow_altar
D:5:      layout_gridville, amcnicky_mini_corridor_feature
D:6:      minmay_klotski, layout_loops_corners, gammafunk_ghost_split
D:7:      layout_basic, minmay_temple_entry_stoned_glass, enter_bailey_3,
          serial_shops, kennysheep_mini_moat, nicolae_stop_n_shop_1,
          uniq_prince_ribbit1, uniq_harold, uniq_pikel, uniq_menkaure
D:8:      layout_basic, gammafunk_ghost_berserking_beasts, minmay_circle_x,
          uniq_grum
D:9:      layout_roguey, interstate_on_off, hangedman_minor_gate_pass
D:10:     layout_irregular_city, erik_lair_island, kennysheep_boxes, uniq_joseph
D:11:     layout_basic, erik_orc_4, gammafunk_ghost_hive, fountainhead,
          nicolae_qazlal_eye_of_the_storm
D:12:     layout_rooms, kennysheep_okawaru_gauntlet, uniq_fannar
D:13:     layout_roguey, grunt_vaults_entry_fortified,
          nicolae_trove_entry_crystal, uniq_kirke, uniq_erolcha, uniq_snorg
D:14:     layout_cave_pools, grunt_decor_cap
Temple:   nicolae_temple_the_god_donut
Lair:1:   layout_cave_pods, minmay_holes
Lair:2:   layout_chaotic_city, chequers_serial_rivers_micro_a
Lair:3:   layout_regular_city, nicolae_swamp_entry_splash_gauntlet
Lair:4:   layout_gridlike, guppyfry_snake_entry_island, st_stairs_7,
          nzn_random_ring
Lair:5:   layout_layer_cave, grunt_megastairs_5
Lair:6:   evilmike_catoblepas_cave, layout_loops_ring, slime_altar_1
Swamp:1:  layout_basic_swamp, evilmike_swamp_ruin_rubble_2, uniq_frances,
          uniq_louise
Orc:1:    layout_caves, serial_shops, nicolae_shop_trees,
          portal_ice_cave_entry_animals_and_master, basic_altar
Orc:2:    grunt_orc_tribal_feast, layout_diamond_mine,
          nicolae_volcano_entry_lava_flow, nicolae_orc_pool_cavern

Skill      XL: |  1  2  3  4  5  6  7  8  9 10 11 12 13 14 15 16 |
---------------+-------------------------------------------------+-----
Evocations     | 4 5 6 7 8 9 |  9.0
Short Blades   | 2 3 4 6 9 10 11 12 13 | 13.1
Fighting       | 2 3 4 5 7 8 9 |  9.3
Dodging        | 2 3 4 5 7 9 11 12 13 | 13.9
Long Blades    | 1 2 |  2.2
Spellcasting   | 4 6 8 9 10 | 10.7
Hexes          | 3 5 7 8 9 10 | 10.1
Necromancy     | 2 4 6 7 |  7.1
Translocations | 1 3 |  3.2
Throwing       | |  0.3
Armour         | |  2.0
Stealth        | |  1.0

Action                   |  1- 3 |  4- 6 |  7- 9 | 10-12 | 13-15 | 16-18 || total
-------------------------+-------+-------+-------+-------+-------+-------++-------
Melee: Club              |    24 |       |       |       |       |       ||    24
       Dagger            |   151 |    44 |       |       |       |       ||   195
       Falchion          |       |    59 |       |       |       |       ||    59
       Rapier            |       |    80 |   293 |   675 |  1520 |   469 ||  3037
       Short sword       |       |       |       |   156 |    68 |    68 ||   292
       Knife             |       |       |       |       |       |    35 ||    35
Throw: Dart              |       |       |       |       |     4 |       ||     4
 Cast: Slow              |       |       |       |     9 |    45 |    26 ||    80
       Excruciating Woun |       |       |       |       |       |     3 ||     3
       Invisibility      |       |       |       |       |       |     2 ||     2
Invok: Call Merchant     |       |       |       |     1 |       |     2 ||     3
Evoke: Wand              |     9 |     7 |    13 |    35 |    30 |    19 ||   113
       Piece from Xom's  |       |     1 |     1 |       |     2 |       ||     4
       Phantom mirror    |       |       |       |       |     1 |       ||     1
       Tin of tremorston |       |       |       |       |       |     2 ||     2
  Use: Scroll            |       |       |    14 |    15 |     5 |     3 ||    37
       Potion            |       |       |       |     1 |     4 |     6 ||    11
 Stab: Sleeping          |     1 |     4 |       |       |     1 |     9 ||    15
       Distracted        |       |     2 |       |     2 |     5 |     1 ||    10
       Paralysed         |       |       |       |       |     8 |     1 ||     9
Armor: Leather armour    |    58 |    43 |    76 |   200 |   373 |    96 ||   846
       Robe              |       |       |       |       |       |    41 ||    41
Dodge: Dodged            |   105 |   103 |   221 |   471 |   813 |   316 ||  2029
       Rpst.: Falchion   |       |    10 |       |       |       |       ||    10
